 Dungeon Crawl Stone Soup version 0.26-a0-259-g1effd001a9 (webtiles) character file.

Game seed: 15537577910566605093

17343 drasked the Severer (level 12, -8/159 HPs)
             Began as a Minotaur Berserker on July 12, 2020.
             Was a High Priest of Trog.
             Mangled by a tengu reaver
             ... wielding a +0 battleaxe
              (16 damage)
             ... on level 12 of the Dungeon.
             The game lasted 00:35:54 (12123 turns).

drasked the Severer (Minotaur Berserker)           Turns: 12123, Time: 00:35:55

Health: -8/159     AC: 18    Str: 25    XL:     12   Next: 18%
Magic:  0/11       EV:  8    Int:  4    God:    Trog [*****.]
Gold:   753        SH:  0    Dex: 12    Spells: 11/11 levels left

rFire    + . .     SeeInvis .   y - +4 executioner's axe
rCold    + . .     Faith    .   (shield currently unavailable)
rNeg     . . .     Spirit   +   j - +1 plate armour {rPois} {rPois}
rPois    +         Reflect  .   (helmet restricted)
rElec    .         Harm     .   H - +2 cloak
rCorr    .                      (no gloves)
MR       .....                  (no boots)
Stlth    ..........             G - amulet of guardian spirit {SpiritSpirit}
HPRegen  0.36/turn              F - ring of protection from fire {rF+, !d}
MPRegen  0.12/turn              I - ring of protection from cold {rC+, !d}

@: berserking, very quick
A: retaliatory headbutt, horns 2
a: Berserk, Trog's Hand, Brothers in Arms, Renounce Religion


You were on level 12 of the Dungeon.
You worshipped Trog.
Trog was extremely pleased with you.
You were not hungry.

You visited 1 branch of the dungeon, and saw 12 of its levels.

You collected 753 gold pieces.

Inventory:

Hand Weapons
 y - a +4 executioner's axe (weapon)
   (Trog gifted it to you on level 10 of the Dungeon)
Missiles
 b - 4 curare-tipped darts
 g - 4 boomerangs
 x - 5 throwing nets {=f, !d=f}
 E - 12 poisoned darts (quivered)
Armour
 j - a +1 plate armour of poison resistance (worn) {rPois}
   (You took it off an orc warrior on level 7 of the Dungeon)
 r - +0 fire dragon scales
   (You found it on level 9 of the Dungeon)
 H - a +2 cloak (worn)
   (You found it on level 6 of the Dungeon)
Jewellery
 m - an uncursed ring of protection from magic {MR+, !d}
   (You found it on level 3 of the Dungeon)
 C - an uncursed ring of resist corrosion
   (You found it on level 11 of the Dungeon)
 F - a ring of protection from fire (left hand) {rF+, !d}
   (You found it on level 5 of the Dungeon)
 G - an amulet of guardian spirit (around neck) {SpiritSpirit}
   (You found it on level 3 of the Dungeon)
 I - a ring of protection from cold (right hand) {rC+, !d}
   (You found it on level 3 of the Dungeon)
 S - an uncursed ring of see invisible {sInv, !d}
   (You found it on level 4 of the Dungeon)
Wands
 v - a wand of iceblast (3)
   (You found it on level 3 of the Dungeon)
 D - a wand of digging (10)
   (You found it on level 8 of the Dungeon)
Scrolls
 c - 2 scrolls of enchant weapon
 h - a scroll of magic mapping {!r!r}
 k - 2 scrolls of enchant armour
 o - 2 scrolls of noise {unknown}
 t - 2 scrolls of teleportation
 u - a scroll of fog {unknown}
 w - 6 scrolls of remove curse
 z - 2 scrolls of random uselessness {unknown}
Potions
 a - 3 potions of flight
 f - a potion of resistance {unknown}
 l - a potion of heal wounds
 n - a potion of ambrosia {unknown}
 p - a potion of cancellation {unknown}
 q - 4 potions of curing
 s - 4 potions of stabbing
 A - 2 potions of berserk rage {unknown}
 J - a potion of brilliance {unknown}
 K - a potion of invisibility {unknown}
 L - a potion of might {unknown}
Comestibles
 e - 41 rations


   Skills:
 - Level 10.0 Fighting
 * Level 18.6 Axes
 - Level 10.0 Armour
 - Level 2.1 Dodging


You had 11 spell levels left.
You didn't know any spells.
Your spell library was empty.

Dungeon Overview and Level Annotations

Branches:
Dungeon (12/15)            Temple (0/1) D:5            Lair (0/6) D:11
    Orc: D:9-12

Altars:
Ashenzari
Cheibriados
Elyvilon
Makhleb
Nemelex Xobeh
Okawaru
Trog
Uskayaw
Xom
Zin
The Shining One

Shops:
D:10 *

Annotations:
D:3 1 runed translucent door, eragonby's ghost, amateur NaFE


Innate Abilities, Weirdness & Mutations

You reflexively headbutt those who attack you in melee.
You have a pair of horns on your head.


Message History

The ball explodes into a vile cloud!
The stinking cloud engulfs you but does no damage.
The stinking cloud engulfs the tengu conjurer but does no damage.
The stinking cloud engulfs the tengu reaver but does no damage.
The battlesphere fires!
The barrage of energy hits you but does no damage.
You see here a bolt.
The tengu conjurer blocks your attack.
You barely miss the tengu reaver.
The tengu reaver hits you with a +0 battleaxe.
* * * LOW HITPOINT WARNING * * *
The tengu reaver pecks you but does no damage.
The tengu reaver claws you but does no damage.
The tengu conjurer hits you.
* * * LOW HITPOINT WARNING * * *
The tengu conjurer pecks you but does no damage.
The tengu conjurer closely misses you.
You barely miss the tengu conjurer. You barely miss the tengu reaver.
You catch the helpless battlesphere completely off-guard!
You slice the battlesphere!!
The yaktaur captain shoots a bolt.
The bolt hits you!!
* * * LOW HITPOINT WARNING * * *
The tengu conjurer hits you but does no damage.
The tengu conjurer closely misses you.
The tengu conjurer claws you but does no damage.
The tengu reaver completely misses you. You furiously retaliate!
You headbutt the tengu reaver!
The tengu reaver pecks you but does no damage.
The tengu reaver claws you but does no damage.
Okay, then.
Okay, then.
Okay, then.
Okay, then.
Really read
B - a scroll of blinking {!r!r}?
Blink to where?
You are very lightly contaminated with residual magic.
As you read the scroll of blinking {!r!r}, it crumbles to dust.
There is a stone staircase leading up here.
You climb upwards.
The battlesphere dissipates.
There is a stone staircase leading down here.
You start resting.
Your magical contamination has completely faded away.
You start resting.
You start resting.
You climb downwards.
There is a stone staircase leading up here.
The tengu conjurer hits you. The tengu conjurer barely misses you.
The tengu conjurer closely misses you.
You slash the tengu conjurer! You headbutt the tengu conjurer!
The tengu conjurer hits you but does no damage.
The tengu conjurer closely misses you.
The tengu conjurer claws you but does no damage.
You barely miss the tengu conjurer. You headbutt the tengu conjurer!
You kill the tengu conjurer!
The centaur warrior wields a +2 vorpal longbow.
The centaur warrior shoots an arrow.
The arrow hits you!!
The tengu reaver gestures wildly while chanting.
The tengu reaver conjures a globe of magical energy!
A battlesphere comes into view.
The centaur warrior unwields a +2 vorpal longbow.
The centaur warrior closely misses you. You furiously retaliate!
You headbutt the centaur warrior.
Things that are here:
a +0 buckler; a tengu corpse You hit the centaur warrior.
You headbutt the centaur warrior! The centaur warrior hits you.
You slice the centaur warrior!! You closely miss the tengu reaver.
The centaur warrior hits you!
The centaur warrior hits you but does no damage.
The tengu reaver hits you with a +0 battleaxe!!
* * * LOW HITPOINT WARNING * * *
The tengu reaver pecks you but does no damage.
The tengu reaver barely misses you.
You miss the tengu reaver. You slice the centaur warrior!!
You kill the centaur warrior!
You slice the battlesphere!!
The yaktaur captain shoots a bolt.
The bolt completely misses you. The tengu reaver completely misses you.
The tengu reaver pecks you but does no damage.
The tengu reaver claws you but does no damage.
You slice the tengu reaver!!
You headbutt the tengu reaver, but do no damage.
You slice the yaktaur captain!! You completely miss the tengu reaver.
The tengu reaver hits you with a +0 battleaxe!
* * * LOW MAGIC WARNING * * *;
* * * LOW HITPOINT WARNING * * *
The tengu reaver pecks you.
* * * LOW HITPOINT WARNING * * *
The tengu reaver barely misses you.
The yaktaur captain unwields a +0 arbalest.
The yaktaur captain hits you!
* * * LOW MAGIC WARNING * * *;
* * * LOW HITPOINT WARNING * * *
You feel much better.
The tengu reaver points at you and mumbles some strange words.
The bolt of magma hits you!!! You partially resist.
* * * LOW MAGIC WARNING * * *;
* * * LOW HITPOINT WARNING * * *
The battlesphere fires!
The barrage of energy hits you!
* * * LOW HITPOINT WARNING * * *
A red film seems to cover your vision as you go berserk!
You feel yourself moving faster!
You feel mighty! The yaktaur captain hits you!
* * * LOW MAGIC WARNING * * *;
* * * LOW HITPOINT WARNING * * *
The tengu reaver hits you with a +0 battleaxe!
You die...

#..>......................
#......####'#...Q########.
#......#....#....# #
#......#....#....# #
#......#....#....# #
##...<..#....#....# #
#.......#....#....#########
#####...######.............
#(..<(@c...............
#.....[Q...............
#...[[[......#####.....
#......*###### ####..
###.###...# #.. #...# #...#
#.. ##### ##### ###


You could see a tengu reaver, a yaktaur captain and a battlesphere.

Levels and vault maps discovered:
D:1:      dpeg_arrival_line_fractal, layout_basic
D:2:      layout_rooms, bloody_trog, first_ration, nicolae_tso_carved_into_rock
D:3:      layout_basic, xom_butterflies, ebering_ghost_inner_flame
D:4:      layout_loops_ring, old_standard_altar, overflow_temple_1_default,
          zin_academy, elyvilon_altar_1, uniq_menkaure
D:5:      layout_layer_cave, minmay_temple_entry_arrows,
          cheibrodos_ashenzari_chains
D:6:      layout_basic, kennysheep_slug_shrine, makhleb_blood_cavern_becter,
          uniq_eustachio, uniq_blork_the_orc, uniq_prince_ribbit1, uniq_duvessa
D:7:      layout_rooms
D:8:      layout_basic, eat_drink_and_be_merry_uskayaw
D:9:      layout_roguey, grunt_livestock, uniq_harold
D:10:     layout_rooms, abandoned_shop, eino_tiny_chamber,
          nicolae_blasting_shop, uniq_maggie
D:11:     layout_basic, erik_lair_dragon, minmay_holes
D:12:     layout_irregular_city, erik_orc_1, minmay_checkered_concentric_circles

Notes
Turn   | Place    | Note
-------+----------+-------------------------------------------
     0 | D:1      | drasked the Minotaur Berserker began the quest for the Orb.
     0 | D:1      | Reached XP level 1. HP: 19/19 MP: 0/0
    26 | D:1      | Identified a +0 club
    27 | D:1      | Identified a +0 dagger
    34 | D:1      | Reached skill level 4 in Axes
   109 | D:1      | Reached XP level 2. HP: 25/26 MP: 1/1
   122 | D:1      | Identified a +0 short sword
   122 | D:1      | Identified a +0 short sword
   136 | D:1      | Identified a +0 club
   153 | D:1      | Identified a cursed +0 ring mail (You found it on level 1
                  | of the Dungeon)
   337 | D:1      | Identified a +0 dagger
   346 | D:1      | Reached skill level 5 in Axes
   529 | D:1      | Reached XP level 3. HP: 31/31 MP: 2/2
   622 | D:1      | Identified a +0 dagger
   728 | D:1      | Identified a +0 club
   729 | D:1      | Reached ** piety under Trog
   819 | D:1      | Identified a +0 dagger
  1046 | D:2      | Identified a +0 hand axe of freezing (You found it on level
                  | 2 of the Dungeon)
  1136 | D:2      | HP: 7/31 [poisoned by a worker ant]
  1383 | D:2      | Identified an uncursed ring of magical power
  1435 | D:2      | Identified a +0 short sword
  1501 | D:2      | Reached skill level 6 in Axes
  1501 | D:2      | Reached XP level 4. HP: 39/39 MP: 3/3
  1524 | D:2      | Found a bloodstained altar of Trog.
  1582 | D:2      | Found a glowing golden altar of the Shining One.
  1926 | D:2      | Identified a +0 cloak (You found it on level 2 of the
                  | Dungeon)
  1987 | D:3      | Identified a cursed +0 dagger
  1988 | D:3      | Identified a +0 short sword
  1988 | D:3      | Identified a cursed +0 ring mail
  2009 | D:3      | Identified a +0 short sword
  2243 | D:3      | Identified a +0 short sword
  2259 | D:3      | Reached XP level 5. HP: 44/45 MP: 4/4
  2399 | D:3      | Reached skill level 7 in Axes
  2412 | D:3      | Identified a +0 flail
  2412 | D:3      | Identified a +0 flail
  2412 | D:3      | Identified a +0 mace
  2412 | D:3      | Identified a +0 ring mail
  2412 | D:3      | Identified a +0 falchion
  2412 | D:3      | Identified a +0 chain mail
  2483 | D:3      | Identified a +0 flail
  2484 | D:3      | Identified a +0 flail
  2488 | D:3      | Identified a +0 dagger
  2488 | D:3      | Identified a +0 chain mail
  2498 | D:3      | Reached skill level 8 in Axes
  2501 | D:3      | Reached XP level 6. HP: 21/51 MP: 5/5
  2674 | D:3      | Identified 3 scrolls of identify
  2674 | D:3      | Identified an amulet of magic regeneration (You found it on
                  | level 2 of the Dungeon)
  2675 | D:3      | Identified 2 potions of stabbing
  2676 | D:3      | Identified 2 potions of heal wounds
  2677 | D:3      | Identified a ring of dexterity (You found it on level 1 of
                  | the Dungeon)
  2678 | D:3      | Identified a ring of protection from magic (You found it on
                  | level 3 of the Dungeon)
  2680 | D:3      | Identified a ring of evasion (You found it on level 1 of
                  | the Dungeon)
  2807 | D:3      | Found a shimmering altar of Xom.
  2822 | D:3      | Found a runed translucent door.
  2822 | D:3      | Noticed eragonby's ghost (amateur NaFE)
  2899 | D:3      | Identified a ring of protection from cold (You found it on
                  | level 3 of the Dungeon)
  2948 | D:3      | Identified an uncursed amulet of guardian spirit (You found
                  | it on level 3 of the Dungeon)
  2996 | D:4      | Found a white marble altar of Elyvilon.
  3027 | D:4      | Identified a +0 club
  3027 | D:4      | Identified a +0 chain mail
  3031 | D:4      | Identified a +2 vampiric hand axe
  3031 | D:4      | Identified a +0 ring mail
  3031 | D:4      | Identified a +0 mace
  3031 | D:4      | Identified a cursed +0 leather armour
  3032 | D:4      | Identified a +0 flail
  3051 | D:4      | Identified a +1 dagger of speed
  3051 | D:4      | Identified a +0 robe
  3166 | D:4      | Found a sparkling altar of Nemelex Xobeh.
  3300 | D:4      | Found a glowing silver altar of Zin.
  3439 | D:4      | Found an iron altar of Okawaru.
  3552 | D:4      | Noticed Menkaure
  3564 | D:5      | Entered Level 5 of the Dungeon
  3597 | D:5      | Reached skill level 9 in Axes
  3764 | D:5      | Found a staircase to the Ecumenical Temple.
  3819 | D:5      | Reached *** piety under Trog
  3845 | D:5      | Identified a +0 dagger
  3845 | D:5      | Identified a +0 leather armour
  4098 | D:5      | Found a shattered altar of Ashenzari.
  4119 | D:5      | Identified a +0 dagger
  4119 | D:5      | Identified a +0 robe
  4119 | D:5      | Identified a +0 dagger
  4119 | D:5      | Identified a +0 robe
  4125 | D:5      | Identified a +0 scale mail
  4130 | D:5      | Reached XP level 7. HP: 57/57 MP: 6/6
  4153 | D:5      | Reached skill level 10 in Axes
  4179 | D:4      | Killed Menkaure
  4751 | D:5      | Identified a ring of protection from fire (You found it on
                  | level 5 of the Dungeon)
  4753 | D:5      | Identified a ring of see invisible (You found it on level 4
                  | of the Dungeon)
  4843 | D:5      | Identified a +4 war axe (You found it on level 5 of the
                  | Dungeon)
  4916 | D:6      | Found a snail-covered altar of Cheibriados.
  4946 | D:6      | Reached skill level 11 in Axes
  5028 | D:6      | Reached skill level 4 in Fighting
  5028 | D:6      | Reached XP level 8. HP: 57/66 MP: 7/7
  5122 | D:6      | Identified a +0 dagger
  5122 | D:6      | Identified a +2 robe of magic resistance
  5122 | D:6      | Noticed Dowan
  5123 | D:6      | Identified a +0 short sword of draining
  5123 | D:6      | Identified a +0 leather armour
  5123 | D:6      | Noticed Duvessa
  5177 | D:6      | Killed Duvessa
  5177 | D:6      | Reached skill level 3 in Armour
  5187 | D:6      | Killed Dowan
  5202 | D:6      | Identified a +2 cloak (You found it on level 6 of the
                  | Dungeon)
  5203 | D:6      | Identified 2 scrolls of teleportation
  5204 | D:6      | Identified 2 scrolls of enchant weapon
  5206 | D:6      | Identified 2 scrolls of remove curse
  5670 | D:6      | Found a burning altar of Makhleb.
  5689 | D:6      | Identified a +0 rapier
  5689 | D:6      | Identified a +0 leather armour
  5689 | D:6      | Noticed Eustachio
  5697 | D:6      | Reached skill level 4 in Armour
  5703 | D:6      | Killed Eustachio
  5703 | D:6      | Reached skill level 5 in Fighting
  5703 | D:6      | Reached skill level 12 in Axes
  5786 | D:6      | Identified a +0 glaive
  5786 | D:6      | Identified a +0 robe
  5786 | D:6      | Noticed Blork the orc
  5787 | D:6      | Noticed Prince Ribbit
  5801 | D:6      | Killed Blork the orc
  5818 | D:6      | Killed Prince Ribbit
  5924 | D:6      | Reached skill level 5 in Armour
  6043 | D:6      | Identified a +0 battleaxe
  6043 | D:6      | Identified a +0 robe
  6060 | D:6      | Identified a +0 spear
  6060 | D:6      | Identified a +0 robe
  6060 | D:6      | Identified a +2 falchion
  6060 | D:6      | Identified a +0 robe
  6060 | D:6      | Identified a +0 falchion
  6060 | D:6      | Identified a +0 robe
  6074 | D:6      | Reached XP level 9. HP: 61/75 MP: 5/8
  6486 | D:7      | Reached skill level 6 in Fighting
  6521 | D:7      | Identified a cursed +3 spear
  6521 | D:7      | Identified a +0 robe
  6526 | D:7      | Identified a cursed +0 dagger
  6526 | D:7      | Identified a +0 robe
  6527 | D:7      | Identified a +1 dagger of freezing
  6527 | D:7      | Identified a +0 robe
  6527 | D:7      | Identified a cursed +0 spear
  6527 | D:7      | Identified a +0 robe
  6544 | D:7      | Reached skill level 13 in Axes
  6676 | D:7      | Identified a +0 trident
  6676 | D:7      | Identified a +1 plate armour of poison resistance
  6676 | D:7      | Identified a +0 dagger
  6676 | D:7      | Identified a +0 leather armour
  6676 | D:7      | Identified a +0 dagger
  6684 | D:7      | Identified a cursed -1 flail
  6684 | D:7      | Identified a cursed +0 ring mail
  6831 | D:7      | Reached skill level 6 in Armour
  6997 | D:7      | Identified 3 potions of degeneration
  6998 | D:7      | Identified 3 potions of curing
  7020 | D:8      | Identified 2 scrolls of enchant armour
  7021 | D:8      | Identified 2 scrolls of magic mapping
  7022 | D:8      | Identified 2 scrolls of blinking
  7023 | D:8      | Identified 2 scrolls of amnesia
  7119 | D:8      | Reached skill level 7 in Fighting
  7167 | D:8      | Found a hide-covered altar of Uskayaw.
  7238 | D:8      | Identified a +0 short sword
  7238 | D:8      | Identified a +0 short sword
  7241 | D:8      | Identified a +0 short sword
  7250 | D:8      | Reached **** piety under Trog
  7416 | D:8      | Identified a +0 club
  7517 | D:8      | Identified a +0 dagger
  7517 | D:8      | Identified a +0 robe
  7523 | D:8      | Identified a +0 mace
  7523 | D:8      | Identified a cursed +0 scale mail
  7525 | D:8      | Identified a +0 hand axe
  7640 | D:8      | Identified 3 potions of flight
  7661 | D:9      | Identified a +2 spear
  7661 | D:9      | Identified a +0 robe
  7661 | D:9      | Identified a cursed +5 dagger
  7661 | D:9      | Identified a +0 robe
  7661 | D:9      | Identified a +4 battleaxe
  7661 | D:9      | Identified a +0 robe
  7719 | D:9      | Identified a +0 giant club
  7720 | D:9      | Identified a +0 shortbow
  7944 | D:9      | Identified a +0 trident
  7944 | D:9      | Identified a +0 scale mail
  7944 | D:9      | Noticed Harold
  7954 | D:9      | Reached skill level 7 in Armour
  7955 | D:9      | Killed Harold
  7955 | D:9      | Reached skill level 14 in Axes
  7955 | D:9      | Reached XP level 10. HP: 88/88 MP: 6/9
  8008 | D:9      | Reached skill level 8 in Fighting
  8206 | D:9      | Identified +0 fire dragon scales (You found it on level 9
                  | of the Dungeon)
  8567 | D:9      | Identified a +0 hand axe
  8567 | D:9      | Identified a +0 animal skin
  8576 | D:9      | Reached skill level 8 in Armour
  8727 | D:10     | Entered Level 10 of the Dungeon
  8727 | D:10     | Identified a +0 dagger
  8727 | D:10     | Identified a +0 dagger
  8727 | D:10     | Identified a +0 robe
  8727 | D:10     | Identified a +1 dagger of speed
  8727 | D:10     | Identified a +0 robe
  8727 | D:10     | Identified a +0 leather armour
  8727 | D:10     | Identified a +0 dagger of protection
  8727 | D:10     | Identified a +0 robe
  8798 | D:10     | Reached skill level 15 in Axes
  8825 | D:10     | Identified a +2 long sword of draining
  8825 | D:10     | Identified +0 acid dragon scales
  8825 | D:10     | Noticed Maggie
  8837 | D:10     | Killed Maggie
  8880 | D:10     | Identified a +2 mace of protection
  8880 | D:10     | Noticed a gargoyle
  8886 | D:10     | Killed a gargoyle
  8886 | D:10     | Reached skill level 9 in Fighting
  9116 | D:10     | Reached ***** piety under Trog
  9300 | D:10     | Identified a +0 giant spiked club
  9305 | D:10     | Identified a +4 dagger
  9305 | D:10     | Identified a +0 robe
  9313 | D:10     | Received a gift from Trog
  9313 | D:10     | Reached skill level 9 in Armour
  9315 | D:10     | Identified a +4 executioner's axe (Trog gifted it to you on
                  | level 10 of the Dungeon)
  9328 | D:10     | Identified a +0 shortbow
  9329 | D:10     | Identified a +0 shortbow
  9342 | D:10     | Reached XP level 11. HP: 97/97 MP: 10/10
  9523 | D:10     | Found Ijuidod's Demolitions Depot.
  9524 | D:10     | Identified a +3 war axe
  9524 | D:10     | Identified a +0 ring mail
  9753 | D:11     | Identified a +0 shortbow
  9753 | D:11     | Identified a +0 shortbow
  9753 | D:11     | Identified a +1 shortbow of freezing
  9763 | D:11     | Noticed an unseen horror
  9768 | D:11     | Killed an unseen horror
  9768 | D:11     | Reached skill level 16 in Axes
  9859 | D:11     | Killed an unseen horror
  9859 | D:11     | Reached skill level 10 in Fighting
 10058 | D:11     | Reached skill level 10 in Armour
 10348 | D:11     | Identified a +0 flail
 10348 | D:11     | Identified a +0 club
 10348 | D:11     | Identified a +0 chain mail
 10350 | D:11     | Identified a +0 dagger
 10351 | D:11     | Identified a +0 antimagic dagger
 10351 | D:11     | Identified a +0 leather armour
 10465 | D:11     | Identified a +0 giant club
 10509 | D:11     | Identified a +0 chain mail
 10509 | D:11     | Identified a +0 dagger
 10509 | D:11     | Identified a +0 robe
 10511 | D:11     | Identified a +0 chain mail
 10512 | D:11     | Identified a +0 hand axe
 10512 | D:11     | Identified a +0 leather armour
 10754 | D:11     | Identified a +0 shortbow
 10763 | D:11     | Reached skill level 17 in Axes
 10849 | D:11     | Found a staircase to the Lair.
 11182 | D:11     | Identified a ring of resist corrosion (You found it on
                  | level 11 of the Dungeon)
 11184 | D:11     | Identified a ring of attention (You found it on level 11 of
                  | the Dungeon)
 11218 | D:12     | Identified a +0 battleaxe
 11218 | D:12     | Identified a +0 plate armour
 11218 | D:12     | Identified a +0 flail
 11218 | D:12     | Identified a +0 leather armour
 11218 | D:12     | Identified a +0 mace
 11218 | D:12     | Identified a cursed +0 chain mail
 11218 | D:12     | Identified a +0 dagger
 11218 | D:12     | Identified a +0 robe
 11399 | D:12     | Identified a +0 flail
 11399 | D:12     | Identified a +0 ring mail
 11399 | D:12     | Identified a cursed -2 flail
 11403 | D:12     | Identified a +0 dagger
 11403 | D:12     | Identified a +0 robe
 11484 | D:12     | Identified a +0 flail
 11484 | D:12     | Identified a +0 scale mail
 11484 | D:12     | Identified a +1 antimagic whip
 11484 | D:12     | Identified a +0 short sword
 11605 | D:12     | Identified a +0 buckler
 11607 | D:12     | Noticed a harpy
 11608 | D:12     | Identified a +2 vorpal longbow
 11608 | D:12     | Noticed a centaur warrior
 11609 | D:12     | Identified a +0 battleaxe
 11609 | D:12     | Identified a +0 ring mail
 11609 | D:12     | Noticed a tengu reaver
 11611 | D:12     | Identified a +0 arbalest
 11611 | D:12     | Noticed a yaktaur captain
 11662 | D:12     | Noticed an unseen horror
 11664 | D:12     | Killed an unseen horror
 11664 | D:12     | Reached skill level 18 in Axes
 11667 | D:12     | Identified 3 potions of mutation
 11680 | D:12     | Reached XP level 12. HP: 80/106 MP: 8/11
 11816 | D:12     | Identified a +0 club
 11816 | D:12     | Identified a +0 shortbow
 12119 | D:12     | Killed a centaur warrior
 12122 | D:12     | HP: 22/106 [tengu reaver/bolt of magma (34)]
 12123 | D:12     | HP: 8/159 [yaktaur captain (14)]
 12123 | D:12     | Mangled by a tengu reaver

Table legend:
 A = Turns spent in this place as a percentage of turns spent in the entire game.
 B = Non-inter-level travel turns spent in this place as a percentage of non-inter-level travel turns spent in the entire game.
 C = Inter-level travel turns spent in this place as a percentage of turns spent in this place.
 D = Turns resting spent in this place as a percentage of non-inter-level travel turns spent in this place.
 E = Turns spent auto-exploring this place as a percentage of non-inter-level travel turns spent in this place.
 F = Non-inter-level travel turns spent in this place divided by the number of levels of this place that you've seen.
                   A       B       C       D       E      F
               +-------+-------+-------+-------+-------+----------------------
         Total | 100.0 | 100.0 |   4.8 |  27.1 |  54.0 | 961.3
       Dungeon | 100.0 | 100.0 |   4.8 |  27.1 |  54.0 | 961.3
               +-------+-------+-------+-------+-------+----------------------

Table legend:
 A = Kills in this place as a percentage of kills in entire the game.
 B = Kills by you in this place as a percentage of kills by you in the entire game.
 C = Kills by friends in this place as a percentage of kills by friends in the entire game.
 D = Other kills in this place as a percentage of other kills in the entire game.
 E = Experience gained in this place as a percentage of experience gained in the entire game.
 F = Experience gained in this place divided by the number of levels of this place that you have seen.
                   A       B       C       D       E      F
               +-------+-------+-------+-------+-------+----------------------
         Total | 100.0 | 100.0 |   N/A | 100.0 | 100.0 | 2064.8
       Dungeon | 100.0 | 100.0 |   N/A | 100.0 | 100.0 | 2064.8
               +-------+-------+-------+-------+-------+----------------------

Skill      XL: |  1  2  3  4  5  6  7  8  9 10 11 |
---------------+----------------------------------+-----
Axes           | 4 5 6 8 9 11 12 14 15 18 | 18.6
Fighting       | 4 5 7 9 10 | 10.0
Armour         | 5 7 9 10 | 10.0
Dodging        | |  2.1

Action                   |  1- 3 |  4- 6 |  7- 9 | 10-12 || total
-------------------------+-------+-------+-------+-------++-------
Melee: Hand axe          |    64 |   128 |    15 |       ||   207
       Headbutt          |    20 |    22 |    30 |    70 ||   142
       War axe           |       |       |   200 |    13 ||   213
       Battleaxe         |       |       |       |   107 ||   107
       Executioner's axe |       |       |       |   219 ||   219
Throw: Stone             |    64 |    94 |       |       ||   158
       Dart              |       |     1 |   120 |   124 ||   245
       Boomerang         |       |       |       |    10 ||    10
Invok: Berserk           |       |       |     3 |     1 ||     4
Evoke: Wand              |       |       |     1 |       ||     1
  Use: Scroll            |       |     3 |    10 |     3 ||    16
       Potion            |       |       |       |     1 ||     1
 Stab: Confused          |       |       |       |     1 ||     1
       Distracted        |       |       |       |     1 ||     1
  Eat: Ration            |     1 |     2 |     4 |     3 ||    10
Armor: Animal skin       |     4 |       |       |       ||     4
       Ring mail         |     7 |    23 |    17 |       ||    47
       Chain mail        |       |       |    63 |     4 ||    67
       Plate armour      |       |       |       |   225 ||   225
Dodge: Dodged            |    48 |    50 |    77 |   117 ||   292

Vanquished Creatures
  Harold (D:9)
  A centaur warrior (D:12)
  3 unseen horrors
  A harpy (D:12)
  3 cyclopes
  A centaur zombie (D:12)
  Maggie (D:10)
  A gargoyle (D:10)
  2 komodo dragons
  2 tengu conjurers (D:12)
  Prince Ribbit (D:6)
  A hippogriff (D:12)
  3 wyverns (D:11)
  Eustachio (D:6)
  25 yaks
  A human (D:9)
  2 hogs (D:9)
  Menkaure (D:4)
  Duvessa (D:6)
  A swamp drake (D:11)
  2 orc warriors
  4 sky beasts
  4 black bears
  A hornet zombie (D:7)
  2 ice beasts
  3 phantoms
  3 ogres
  A necrophage (D:6)
  8 centaurs
  A big kobold (D:8)
  6 bullfrogs
  Blork the orc (D:6)
  A wyvern skeleton (D:7)
  Dowan (D:6)
  6 scorpions
  5 killer bees (D:10)
  13 wights
  3 howler monkeys
  5 jellies
  6 hounds
  5 bullfrog skeletons
  2 centaur skeletons
  2 quasits
  5 orc priests
  5 iguanas
  9 orc wizards
  9 worker ants
  A killer bee zombie (D:10)
  A bullfrog simulacrum (D:12)
  A hound zombie (D:8)
  3 hound skeletons
  10 adders
  2 white imps
  2 ufetubi
  4 oozes
  An adder zombie (D:6)
  2 worms (D:2)
  4 dart slugs
  A leopard gecko (D:9)
  35 orcs
  8 bats
  4 giant cockroaches
  4 goblins
  4 hobgoblins
  3 jackals (D:6)
  2 quokkas
  2 ball pythons
  6 frilled lizards
  15 kobolds
  A leopard gecko skeleton (D:8)
  A quokka skeleton (D:4)
  6 rats
289 creatures vanquished.

Vanquished Creatures (others)
  A bullfrog (D:10)
  A wight (D:10)
  A kobold (D:3)
3 creatures vanquished.

Grand Total: 292 creatures vanquished
